 Dungeon Crawl Stone Soup version 0.31-a0-705-ga145531891 (webtiles) character file.

Game seed: 13336878312601899437

340 randomguy2701 the Chopper (level 6, -2/55 HPs)
             Began as a Hill Orc Fighter on Sept 9, 2023.
             Killed from afar by an orc wizard (11 damage)
             ... with a puff of flame
             ... on level 5 of the Dungeon.
             The game lasted 00:02:16 (2894 turns).

randomguy2701 the Chopper (Hill Orc Fighter)        Turns: 2894, Time: 00:02:16

Health: -2/55      AC:  7    Str: 19    XL:     6   Next: 56%
Magic:  6/6        EV:  9    Int:  8    God:
Gold:   265        SH:  5    Dex: 12    Spells: 5/5 levels left

rFire   . . .        a - +0 war axe
rCold   . . .        c - +0 buckler
rNeg    . . .        b - +0 scale mail
rPois   .            (no helmet)
rElec   .            (no cloak)
rCorr   .            (no gloves)
SInv    .            (no boots)
Will    +....        (no amulet) Stlth
                     i - ring of willpower
HPRegen 0.29/turn    (no ring)
MPRegen 0.10/turn

%: no passive effects
@: no status effects
A: no striking features
a: no special abilities


You were on level 5 of the Dungeon.
You visited 1 branch of the dungeon, and saw 5 of its levels.

You collected 265 gold pieces.

Inventory:

Hand Weapons
 a - a +0 war axe (weapon)
Armour
 b - a +0 scale mail (worn)
 c - a +0 buckler (worn)
Jewellery
 i - a ring of willpower (left hand)
Wands
 r - a wand of mindburst (9)
Scrolls
 e - 2 scrolls of blinking {unknown}
 g - 2 scrolls of identify {unknown}
 h - a scroll of noise {unknown}
 j - 3 scrolls of fog {unknown}
 l - a scroll of torment {unknown}
 n - a scroll of vulnerability {unknown}
 o - a scroll of teleportation {unknown}
 p - a scroll of amnesia {unknown}
 s - a scroll of enchant armour {unknown}
 t - a scroll of fear {unknown}
Potions
 d - a potion of might
 f - a potion of ambrosia {unknown}
 k - a potion of enlightenment {unknown}
 m - 2 potions of lignification {unknown}
 q - a potion of brilliance {unknown}
 u - a potion of heal wounds {unknown}
 v - a potion of curing {unknown}


   Skills:
 + Level 4.9 Fighting
 + Level 5.7 Axes
 + Level 5.0 Armour
 + Level 0.6 Dodging
 + Level 4.1 Shields


You had 5 spell levels left.
You didn't know any spells.
Your spell library contained the following spells:

 Spells                   Type           Power      Damage    Failure   Level
 Blink                    Tloc           0%         N/A       93%         2
 Manifold Assault         Tloc           0%         N/A       100%        4


Dungeon Overview and Level Annotations

Branches:
Dungeon (5/15)
 Temple: D:4-7

Altars:
Makhleb
Vehumet


Message History

You barely miss the scorpion.
The scorpion is heavily wounded.
You feel very sick. You block the scorpion's attack.
You closely miss the scorpion.
The scorpion is moderately wounded.
You feel very sick.
The scorpion stings you but does no damage.
You block the scorpion's attack.
You barely miss the scorpion.
The scorpion is moderately wounded.
You feel sick.
The scorpion stings you but does no damage.
You slash the scorpion!
The scorpion is severely wounded.
You feel sick. The scorpion stings you.
* * * LOW HITPOINT WARNING * * *
The scorpion stings you but does no damage.
You closely miss the scorpion.
The scorpion is severely wounded.
You feel sick. The scorpion misses you.
You hit the scorpion.
The scorpion is almost dead.
You feel sick. The scorpion closely misses you.
The scorpion stings you but does no damage.
You completely miss the scorpion.
The scorpion is almost dead.
You feel sick. The scorpion barely misses you.
You hit the scorpion.
You kill the scorpion!
You feel sick.
You are no longer poisoned.
Your Armour skill increases to level 5!
You see here a scorpion corpse.
An orc wizard comes into view. It is wielding a +0 dagger.
The orc wizard shouts!
An orc wizard comes into view. It is wielding a +0 dagger.
The orc wizard casts a spell at you. The puff of flame hits you!
You die...

.... ....+ ....
....# ..... ....#
..... ...# ......
..# ......#+##.#
#......#.###
#....@†'...#
#......#...#
#......#...#
#......#..##
....#####..###+##
o....#............
.... #............
o... #............
#............


You could see 2 orc wizards.

Vanquished Creatures
  A phantom (D:4)
  A kobold brigand (D:4)
  A scorpion (D:5)
  An iguana (D:4)
  3 adders
  2 worms
  3 dart slugs
  4 ball pythons
  10 endoplasms
  8 goblins
  4 hobgoblins
  8 jackals
  9 kobolds
  4 quokkas
  4 bats
  4 frilled lizards
  4 rats
71 creatures vanquished.

Notes
Turn   | Place    | Note
-------+----------+-------------------------------------------
     0 | D:1      | randomguy2701 the Hill Orc Fighter began the quest for the
                  | Orb.
     0 | D:1      | Reached XP level 1. HP: 19/19 MP: 1/1
   165 | D:1      | Reached XP level 2. HP: 26/27 MP: 2/2
   422 | D:1      | Reached XP level 3. HP: 33/33 MP: 3/3
  1003 | D:2      | Found a radiant altar of Vehumet.
  1207 | D:2      | Reached XP level 4. HP: 34/41 MP: 4/4
  2028 | D:3      | Found a burning altar of Makhleb.
  2227 | D:4      | Reached XP level 5. HP: 23/47 MP: 5/5
  2328 | D:4      | Noticed a kobold brigand
  2346 | D:4      | Killed a kobold brigand
  2360 | D:4      | Noticed a phantom
  2445 | D:4      | Killed a phantom
  2446 | D:4      | Reached skill level 5 in Axes
  2446 | D:4      | Reached XP level 6. HP: 55/55 MP: 6/6
  2837 | D:5      | Entered Level 5 of the Dungeon
  2893 | D:5      | Reached skill level 5 in Armour
  2894 | D:5      | Killed from afar by an orc wizard

Illustrated notes

Levels and vault maps discovered:
D:1:      zelgadis_glass_arrival_small, layout_basic
D:2:      minmay_door_path, layout_rooms, basic_altar
D:3:      layout_loops_ring, lightli_temple_of_fire
D:4:      wander_river, layout_cave_pools
D:5:      layout_gridville, grunt_qazlal_clouds,
          minmay_temple_entry_glassed_door

Skill      XL: |  1  2  3  4  5  6 |
---------------+-------------------+-----
Axes           | 3 4 5 |  5.7
Fighting       | 4 |  4.9
Armour         | 4 5 |  5.0
Shields        | 4 |  4.1
Dodging        | |  0.6

Action                     |  1- 3 |  4- 6 || total
---------------------------+-------+-------++-------
  Melee: War axe           |    95 |   114 ||   209
 Armour: Scale mail        |    70 |    75 ||   145
  Dodge: Dodged            |    47 |    45 ||    92
  Block: Buckler           |    26 |    31 ||    57

Table legend: (Time is in decaauts)
 A = Elapsed time spent in this place.
 B = Non-inter-level travel time spent in this place.
 C = Inter-level travel time spent in this place.
 D = Time resting spent in this place.
 E = Time spent auto-exploring this place.
 F = Levels seen in this place.
 G = Mean time per level.
                   A        B        C        D        E       F      G
               +--------+--------+--------+--------+--------+-----+--------+
         Total |   2968 |   2904 |     64 |      0 |   2377 |   5 |  593.6 |
       Dungeon |   2968 |   2904 |     64 |      0 |   2377 |   5 |  593.6 |
               +--------+--------+--------+--------+--------+-----+--------+

Top non-repeatable levels by time:
     D:1: 844 daAuts
     D:3: 837 daAuts
     D:4: 651 daAuts
     D:2: 573 daAuts
     D:5: 61 daAuts
